 Dungeon Crawl Stone Soup version 0.23-a0-484-g29ba69c (webtiles) character file.

44 MisterFreud the Scratcher (level 3, -8/15 HPs)
             Began as a Felid Transmuter on Nov 30, 2018.
             Killed from afar by Sigmund (9 damage)
             ... with a magic dart
             ... on level 3 of the Dungeon.
             The game lasted 00:05:50 (2732 turns).

MisterFreud the Scratcher (Felid Transmuter)        Turns: 2732, Time: 00:05:51

Health: -8/15      AC:  1    Str:  6    XL:     3   Next: 41%
Magic:  5/7        EV: 23    Int: 15    God:
Gold:   110        SH:  0    Dex: 21    Spells: 0/6 levels left
                                        Lives:  0   Deaths: 1

rFire    . . .     SeeInvis +     - Unarmed
rCold    . . .     Gourm    .   (shield unavailable)
rNeg     . . .     Faith    .   (armour unavailable)
rPois    .         Spirit   .   (helmet unavailable)
rElec    .         Reflect  .   (cloak unavailable)
rCorr    .         Harm     .   (gloves unavailable)
MR       .....                  (boots unavailable)
Stlth    ++++......             (no amulet)
HPRegen  0.05/turn              (no ring)
MPRegen  0.10/turn              (no ring)

@: agile, quick
A: very small, no armour, no weapons or thrown items, stealth, claws 1, fangs 3,
see invisible, carnivore, speed 1, shaggy fur 1, slow metabolism 1, sharp paws
a: no special abilities


You were on level 3 of the Dungeon.
You were not hungry.

You visited 1 branch of the dungeon, and saw 3 of its levels.

You collected 110 gold pieces.

Inventory:

Missiles
 a - 25 arrows
Wands
 o - a wand of random effects (18)
 p - a wand of polymorph (7)
Scrolls
 i - a scroll of remove curse
 l - a scroll of noise {unknown}
 m - a scroll of immolation {unknown}
Potions
 d - a potion of might
 n - a potion of haste
Comestibles
 c - 3 rations


   Skills:
 - Level 1.0 Fighting
 - Level 2.6 Dodging
 - Level 4.0 Stealth
 + Level 4.2 Unarmed Combat
 - Level 2.0 Spellcasting
 - Level 2.1 Transmutations


You couldn't memorise any spells.
You knew the following spells:

 Your Spells              Type           Power        Failure   Level  Hunger
a - Beastly Appendage     Tmut           #.....       9%          1    #......
b - Sticks to Snakes      Tmut           #.......     14%         2    ###....
c - Spider Form           Tmut/Pois      #.........   38%         3    ###....

Your spell library contained the following spells:

 Spells                   Type           Power        Failure   Level  Hunger
 Ice Form                 Ice/Tmut       #.......     80%         4    #####..
 Blade Hands              Tmut           #.........   94%         5    ######.


Dungeon Overview and Level Annotations

Branches:
Dungeon (3/15)

Altars:
Sif Muna
Trog
Vehumet

Annotations:
D:3 Sigmund


Innate Abilities, Weirdness & Mutations

You cannot wear armour.
You are incapable of wielding weapons or throwing items.
Your paws allow you to move quietly. (Stealth)
You have sharp claws.
You have razor-sharp teeth.
You have supernaturally acute eyesight. (SInv)
You are carnivorous and can eat meat at any time.
You cover ground quickly.
You are covered in fur. (AC +1)
You have a slow metabolism.
Your sharp claws are effective at attacking unaware monsters.


Message History

You resist with some effort.
You are too confused!
You are too confused!
You are too confused!
Sigmund hits you with a +0 scythe!
Ouch! That really hurt!
* * * LOW HITPOINT WARNING * * *
You feel agile all of a sudden. Sigmund casts a spell at you.
The magic dart hits you!
* * * LOW HITPOINT WARNING * * *
You feel less confused. Sigmund misses you.
Your transformation has ended.
You scratch Sigmund.
Sigmund is moderately wounded.
Sigmund casts a spell at you. The magic dart hits you!
Ouch! That really hurt!
You die...

#.#..########
#.#(........#
#.#..##<###.#
#.#..##.# #.#
#.#..##.###.##
#............# ###
#######....##.###..#
..# #.....#.@..##.#
#..# ..#
#.......@..##.###..#
..#
#..)...............#
..####
#[....#..#.#######.#
.....# #<....#.#.##
#.# ..##.#
##..#....#########.#
..##.#
#............>....#
..##.#
#....[..###########
..##.# ##......#
####.######.#...##


You could see Sigmund.

Vanquished Creatures
  2 gnolls
  2 adders
  2 dart slugs
  A ball python (D:1)
  5 goblins
  8 hobgoblins
  6 jackals
  7 kobolds
  3 quokkas
  4 bats
  A frilled lizard (D:2)
  A jackal skeleton (D:3)
  4 rats
46 creatures vanquished.

Vanquished Creatures (collateral kills)
  A worm (D:3)
1 creature vanquished.

Grand Total: 47 creatures vanquished

Notes
Turn   | Place    | Note
-------+----------+-------------------------------------------
     0 | D:1      | MisterFreud the Felid Transmuter began the quest for the
                  | Orb.
     0 | D:1      | Reached XP level 1. HP: 9/9 MP: 4/4
    29 | D:1      | Reached skill level 1 in Stealth
   232 | D:1      | Reached XP level 2. HP: 5/12 MP: 4/6
  1419 | D:2      | Reached XP level 3. HP: 9/15 MP: 7/7
  1423 | D:2      | Learned a level 2 spell: Sticks to Snakes
  1427 | D:2      | Learned a level 3 spell: Spider Form
  2004 | D:2      | Found a bloodstained altar of Trog.
  2012 | D:2      | Reached XP level 4. HP: 19/19 MP: 6/8
  2348 | D:3      | Noticed Sigmund
  2355 | D:3      | Killed from afar by Sigmund
  2356 | D:3      | Reached XP level 3. HP: -7/15 MP: 5/7
  2496 | D:3      | Found a radiant altar of Vehumet.
  2682 | D:3      | Found a deep blue altar of Sif Muna.
  2732 | D:3      | Killed from afar by Sigmund

Vault maps used:
D:1:      nicolae_arrival_somewhat_less_tricky_arrival
D:2:      minmay_wonky_spiral, nicolae_overflow_crystal_walls,
          lemuel_crystal_altar, okawaru_altar_gauntlet_db, minmay_tromino_v2
D:3:      lemuel_blue_sif_altar, nicolae_overflow_hidden_temple, first_ration,
          uniq_sigmund

Skill      XL: |  1  2  3  4 |
---------------+-------------+-----
Stealth        | 2 4 |  4.0
Unarmed Combat | 4 |  4.2
Fighting       | |  1.0
Dodging        | |  2.6
Spellcasting   | |  2.0
Transmutations | |  2.1

Action                   |  1- 3 |  4- 6 || total
-------------------------+-------+-------++-------
Melee: Unarmed           |   101 |     6 ||   107
       Headbutt          |    12 |       ||    12
       Bite              |    10 |       ||    10
       Punch             |     2 |       ||     2
 Cast: Beastly Appendage |    23 |     1 ||    24
       Sticks to Snakes  |     4 |     1 ||     5
       Spider Form       |     2 |     2 ||     4
  Use: Potion            |     3 |     2 ||     5
       Scroll            |     7 |       ||     7
 Stab: Sleeping          |    20 |       ||    20
  Eat: Chunk             |    12 |     1 ||    13
Armor: Skin              |     4 |       ||     4
Dodge: Dodged            |    77 |     4 ||    81

Table legend:
 A = Non-vault XP
 B = Vault XP
 C = Vault XP percentage of total XP
 D = Non-vault monster count
 E = Vault monster count
 F = Vault count percentage of total count
                 A         B        C        D         E       F
            +---------+---------+-------+---------+---------+-------
      Total |     126 |       1 |   0.8 |      46 |       1 |   2.1
            +---------+---------+-------+---------+---------+-------
        D:1 |      36 |       0 |   0.0 |      14 |       0 |   0.0
        D:2 |      42 |       1 |   2.3 |      12 |       1 |   7.7
        D:3 |      48 |       0 |   0.0 |      20 |       0 |   0.0
            +---------+---------+-------+---------+---------+-------
